 Dungeon Crawl Stone Soup version 0.19.0-19-g8c6edcc (webtiles) character file.

420 Charly the Cleaver (level 6, 0/79 HPs)
             Began as a Minotaur Berserker on Nov 12, 2016.
             Was a Follower of Trog.
             Slain by a killer bee (7 damage)
             ... on level 7 of the Dungeon.
             The game lasted 00:04:29 (343 turns).

Charly the Cleaver (Minotaur Berserker)              Turns: 343, Time: 00:04:30

Health: 0/79       AC:  3    Str: 28    XL:     6   Next: 62%
Magic:  5/5        EV: 12    Int:  4    God:    Trog [*.....]
Gold:   15         SH:  0    Dex: 10    Spells: 0 memorised, 5 levels left

rFire  . . .     SeeInvis .     a - +0 hand axe
rCold  . . .     Gourm    .     b - +0 animal skin
rNeg   . . .     Faith    .     (no shield)
rPois  .         Spirit   .     (helmet restricted)
rElec  .         Reflect  .     i - +0 cloak
rCorr  .         Harm     .     (no gloves)
MR     .....                    (no boots)
Stlth  ..........               (no amulet)
                                (no ring)
                                (no ring)

@: berserking (expiring), lethally poisoned (0 -> -15), very quick
A: retaliatory headbutt, horns 2
a: Berserk, Burn Spellbooks, Renounce Religion


You were on level 7 of the Dungeon.
You worshipped Trog.
Trog was aware of your devotion.
You were hungry.

You visited 1 branch of the dungeon, and saw 5 of its levels.

You collected 15 gold pieces.

Inventory:

Hand Weapons
 a - a +0 hand axe (weapon)
Armour
 b - a +0 animal skin (worn)
 i - a +0 cloak (worn)
Scrolls
 e - 2 scrolls of identify {unknown}
 f - a scroll of immolation {unknown}
 h - a scroll of amnesia {unknown}
Potions
 g - a potion of mutation {unknown}
Comestibles
 c - a bread ration
 d - a meat ration


   Skills:
 + Level 4.7 Fighting
 * Level 8.5 Axes
 - Level 2.4 Armour
 - Level 2.1 Dodging


You had 5 spell levels left.
You didn't know any spells.

Dungeon Overview and Level Annotations

Branches:
Dungeon (7/15)
 Temple: D:4-7

Altars:


Innate Abilities, Weirdness & Mutations

You reflexively headbutt those who attack you in melee.
You have a pair of horns on your head.


Message History

You miss the killer bee. x2
* * * LOW HITPOINT WARNING * * *
You feel sick. The killer bee stings you.
* * * LOW HITPOINT WARNING * * *
The killer bee closely misses you.
Unknown command.
You barely miss the killer bee. You headbutt the killer bee!
The killer bee is almost dead.
You closely miss the killer bee.
* * * LOW HITPOINT WARNING * * *
You feel sick. The killer bee misses you.
The killer bee stings you but does no damage.
Unknown command.
You hit the killer bee.
You kill the killer bee!
Trog accepts your kill.
You closely miss the killer bee.
* * * LOW HITPOINT WARNING * * *
You feel sick. The killer bee stings you!
You die...

## .####
....#
##....# .
#.....# #..
#.....#
#..##y†...#
#...@....#
###..)..##
##.....#
#.....#
......#
......#
......#
........


You could see a killer bee.

Vanquished Creatures
  Sigmund (D:2)
  A centaur (D:7)
  3 killer bees (D:7)
  Crazy Yiuf (D:2)
  2 adders (D:2)
  2 ball pythons
  2 goblins (D:2)
  3 kobolds (D:2)
  A frilled lizard (D:1)
  2 rats
18 creatures vanquished.

Notes
Turn   | Place    | Note
-------+----------+-------------------------------------------
     0 | D:1      | Charly the Minotaur Berserker began the quest for the Orb.
     0 | D:1      | Reached XP level 1. HP: 19/19 MP: 0/0
    73 | D:2      | Reached skill level 4 in Axes
   100 | D:2      | Noticed Sigmund
   105 | D:2      | Killed Sigmund
   105 | D:2      | Reached skill level 7 in Axes
   105 | D:2      | Reached XP level 2. HP: 26/26 MP: 1/1
   105 | D:2      | Reached XP level 3. HP: 31/31 MP: 2/2
   105 | D:2      | Reached XP level 4. HP: 39/39 MP: 3/3
   105 | D:2      | Reached XP level 5. HP: 45/45 MP: 4/4
   197 | D:2      | Found a runed door.
   204 | D:2      | Noticed Crazy Yiuf
   209 | D:2      | Killed Crazy Yiuf
   212 | D:2      | -3
   318 | D:3      | You fall through a shaft for 3 floors!
   334 | D:7      | Noticed a centaur
   339 | D:7      | Reached skill level 8 in Axes
   339 | D:7      | Reached XP level 6. HP: 37/52 MP: 5/5
   343 | D:7      | Slain by a killer bee

Skill      XL: |  1  2  3  4  5 |
---------------+----------------+-----
Axes           | 7 8 |  8.5
Fighting       | 4 |  4.7
Armour         | |  2.4
Dodging        | |  2.1

Action                   |  1- 3 |  4- 6 || total
-------------------------+-------+-------++-------
Melee: Hand axe          |    18 |    29 ||    47
       Headbutt          |     2 |     3 ||     5
Invok: Berserk           |     1 |     2 ||     3
Armor: Animal skin       |     2 |     4 ||     6
Dodge: Dodged            |     9 |    21 ||    30
